 Dungeon Crawl Stone Soup version 0.28.0-45-g0d030f2227 (webtiles) character file.

Game seed: 10992755569821705686

2328 101zpm the Thaumaturge (level 9, -16/58 HPs)
             Began as a Djinni Ice Elementalist on Apr 17, 2022.
             Demolished by an ice beast (19 damage)
             ... on level 6 of the Dungeon.
             The game lasted 00:27:10 (8508 turns).

101zpm the Thaumaturge (Djinni Ice Elementalist)    Turns: 8508, Time: 00:27:10

Health: -16/58     AC: 17    Str: 13    XL:     9   Next: 69%
Gold:   200        EV: 13    Int: 20    God:
                   SH:  0    Dex: 15

rFire   + + .      SeeInvis +   i - +10 dagger "Tichit" {protect, Fly rElec SInv}
rCold   x . .      Faith    .   (no shield)
rNeg    . . .      Spirit   .   a - +0 robe
rPois   ∞          Reflect  .   (no helmet)
rElec   +          Harm     .   (no cloak)
rCorr   .          Rampage  .   (no gloves)
Will    +....                   (boots unavailable)
Stlth   ++........              (no amulet)
HPRegen 0.19/turn               h - ring of willpower
MPRegen 0.00/turn               r - +6 ring of strength

@: ice-armoured, under a protective aura, freezing walls, flying
A: sickness immunity, fire resistance 2, cold vulnerability 1, float, innate
caster, HP casting, extra vitality 1
a: no special abilities


You were on level 6 of the Dungeon.
You visited 2 branches of the dungeon, and saw 7 of its levels.
You also visited: Ossuary.

You collected 200 gold pieces.

Inventory:

Hand Weapons
 i - the +10 dagger "Tichit" (weapon) {protect, Fly rElec SInv}
   (You found it on level 2 of the Dungeon)

   It grants its wielder temporary protection when it strikes (+7 to AC).
   rElec:     It insulates you from electricity.
   SInv:      It lets you see invisible.
   Fly:       It grants you flight.
Missiles
 c - 134 stones
 j - 30 sling bullets
Armour
 a - a +0 robe (worn)
 b - a +0 leather armour
Jewellery
 h - a ring of willpower (left hand)
 r - a +6 ring of strength (right hand)
 t - a ring of protection from fire
Scrolls
 f - a scroll of immolation
 g - 4 scrolls of blinking
 l - 5 scrolls of noise {unknown}
 m - a scroll of enchant weapon {unknown}
 n - 2 scrolls of fog {unknown}
 o - a scroll of torment {unknown}
 s - 5 scrolls of teleportation {unknown}
 u - a scroll of amnesia {unknown}
 v - a scroll of enchant armour {unknown}
 y - 5 scrolls of identify
 C - a scroll of holy word {unknown}
Potions
 d - 3 potions of resistance {unknown}
 e - a potion of heal wounds {unknown}
 k - 3 potions of lignification {unknown}
 p - 2 potions of attraction {unknown}
 q - a potion of berserk rage {unknown}
 w - 2 potions of curing {unknown}
 x - a potion of degeneration {unknown}
 z - a potion of flight {unknown}
 A - a potion of ambrosia {unknown}
 B - a potion of invisibility {unknown}


   Skills:
 + Level 1.6 Fighting
 + Level 2.8 Short Blades
 + Level 3.6 Dodging
 + Level 3.5 Stealth
 + Level 9.0 Spellcasting


You had 6 spell levels left.
You knew the following spells:

 Your Spells              Type           Power      Damage    Failure   Level
a - Freeze                Ice            100%       1d11      1%          1
b - Frozen Ramparts       Ice            90%        1d11      1%          3
c - Ozocubu's Armour      Ice            45%        N/A       1%          3
d - Hailstorm             Conj/Ice       45%        3d10      1%          4
e - Pain                  Necr           100%       1d9       1%          1
f - Wereblood             Tmut           45%        N/A       1%          2
g - Scorch                Fire           90%        2d9       1%          2
h - Passage of Golubria   Tloc           45%        N/A       1%          4
Your spell library was empty.

Dungeon Overview and Level Annotations

Branches:
Dungeon (6/15)             Temple (1/1) D:4         Ossuary (visited)

Altars:
Ashenzari
Cheibriados
Fedhas
Gozag
Hepliaklqana
Nemelex Xobeh
Okawaru
Qazlal
Ru
Sif Muna
Trog
Uskayaw
Vehumet
Wu Jian
Xom
Yredelemnul
Zin

Shops:
D:5 :

Annotations:
D:4 3 runed translucent doors, CryoSword's ghost, amateur VSEn


Innate Abilities, Weirdness & Mutations

You are immune to sickness and miasma.
You are immune to poison.
Your flesh is very heat resistant. (rF++)
You are vulnerable to cold. (rC-)
You float through the air rather than walking.
You learn spells naturally, not from books.
Your magical power is your life essence.
You have superior vitality. (+4 MHP)


Message History

The ice beast completely resists.
The wall freezes the ice beast but does no damage.
The ice beast completely resists.
The wall freezes the ice beast but does no damage.
The ice beast hits you. The ice beast freezes you!
You feel a terrible chill!
Casting: Scorch (safe; 1% risk of failure)
Confirm with . or Enter, or press ? or * to list all spells.
Flames lash the ice beast but do no damage.
The ice beast completely resists.
The wall freezes the ice beast but does no damage.
The ice beast hits you but does no damage.
Casting: Scorch (safe; 1% risk of failure)
Confirm with . or Enter, or press ? or * to list all spells.
A film of ice covers your body!
The wall freezes the jelly!
The jelly hits you but does no damage.
The ice beast completely resists.
The wall freezes the ice beast but does no damage.
The ice beast hits you but does no damage.
You closely miss the ice beast.
The ice beast is heavily wounded.
The wall freezes the jelly!
You kill the jelly!
Your Spellcasting skill increases to level 9!
You hit the ice beast.
Your weapon exudes an aura of protection.
The ice beast is severely wounded.
The ice beast completely resists.
The wall freezes the ice beast but does no damage.
The ice beast hits you. The ice beast freezes you!!
You feel a terrible chill!
* * * LOW HITPOINT WARNING * * *
Casting: Ozocubu's Armour (safe; 1% risk of failure)
Confirm with . or Enter, or press ? or * to list all spells.
Flames lash the ice beast.
The ice beast melts!
The ice beast is almost dead.
* * * LOW HITPOINT WARNING * * *
The ice beast completely resists.
The wall freezes the ice beast but does no damage.
The ice beast hits you.
* * * LOW HITPOINT WARNING * * *
The ice beast freezes you!!
You feel a terrible chill!
You die...

.. .. # . ..
.#. . ....#
## #.#. .##
... ..#
##.#Y#.##..#
#....@....#
##.#.#[#..#
... ... #
#.#. .#.#
#### .....
.# ##. ## .


You could see an ice beast (combustible).

Vanquished Creatures
  Sigmund (D:3)
  5 yaks (D:5)
  3 vampire mosquitoes (D:5)
  2 ice beasts (D:5)
  A sky beast (D:5)
  A black bear (D:5)
  A centaur (D:4)
  A jelly (D:6)
  2 orc priests (D:3)
  A gnoll shaman (D:5)
  An iguana (D:3)
  2 orc wizards
  A hound skeleton (D:4)
  13 mummies (Ossuary)
  Robin (D:4)
  11 adders
  3 gnolls (D:5)
  An adder skeleton (D:4)
  6 worms (D:3)
  A dart slug (D:3)
  6 orcs
  7 ball pythons
  13 bats
  4 endoplasms
  3 giant cockroaches
  15 goblins
  10 hobgoblins
  4 jackals (D:1)
  7 kobolds
  3 quokkas
  4 frilled lizards
  A gnoll skeleton (Ossuary)
  A goblin skeleton (Ossuary)
  4 kobold skeletons (Ossuary)
  2 orc skeletons (Ossuary)
  5 rats
  11 rat skeletons (Ossuary)
158 creatures vanquished.

Vanquished Creatures (others)
  A fungus (D:1)
1 creature vanquished.

Grand Total: 159 creatures vanquished

Notes
Turn   | Place    | Note
-------+----------+-------------------------------------------
     0 | D:1      | 101zpm the Djinni Ice Elementalist began the quest for the
                  | Orb.
     0 | D:1      | Reached XP level 1. HP: 15/15 MP: 0/0
   183 | D:1      | Reached XP level 2. HP: 15/21 MP: 0/0
   390 | D:2      | Identified the +10 dagger "Tichit" {protect, Fly rElec
                  | SInv}
   580 | D:2      | Reached XP level 3. HP: 13/25 MP: 0/0
   580 | D:2      | Learned a level 1 spell: Pain
   874 | D:2      | Reached skill level 4 in Spellcasting
  1091 | D:2      | Reached XP level 4. HP: 26/31 MP: 0/0
  1600 | D:3      | Reached skill level 1 in Short Blades
  1782 | D:3      | Reached XP level 5. HP: 35/35 MP: 0/0
  1782 | D:3      | Learned a level 2 spell: Wereblood
  1926 | D:3      | Found a sacrificial altar of Ru.
  2441 | D:3      | Noticed Sigmund
  2453 | D:3      | Killed Sigmund
  2454 | D:3      | Reached skill level 1 in Fighting
  2454 | D:3      | Reached XP level 6. HP: 15/42 MP: 0/0
  3478 | D:4      | Found a runed translucent gate.
  3478 | D:4      | Found a runed translucent gate.
  3478 | D:4      | Found a runed translucent gate.
  3483 | D:4      | Reached XP level 7. HP: 15/47 MP: 0/0
  3483 | D:4      | Learned a level 2 spell: Scorch
  3758 | D:4      | Noticed Robin
  3760 | D:4      | Reached skill level 5 in Spellcasting
  3766 | D:4      | Killed Robin
  4058 | D:4      | Found a staircase to the Ecumenical Temple.
  4064 | Temple   | Entered the Ecumenical Temple
  4484 | D:1      | Found a faded altar of an unknown god.
  5612 | D:4      | Noticed CryoSword's ghost (amateur VSEn)
  5762 | D:5      | Entered Level 5 of the Dungeon
  5780 | D:5      | Reached XP level 8. HP: 32/52 MP: 0/0
  5785 | D:5      | Reached skill level 6 in Spellcasting
  5817 | D:5      | Found Xasargh's Book Boutique.
  5887 | D:5      | Found a sand-covered staircase.
  5892 | Ossuary  | Entered an ossuary
  7206 | D:5      | Noticed a yak
  7210 | D:5      | Noticed a yak
  7210 | D:5      | Noticed a yak
  7211 | D:5      | Noticed a yak
  7219 | D:5      | Noticed a yak
  7221 | D:5      | Killed a yak
  7222 | D:5      | Reached skill level 7 in Spellcasting
  7224 | D:5      | Killed a yak
  7228 | D:5      | Killed a yak
  7229 | D:5      | Reached XP level 9. HP: 15/57 MP: 0/0
  7229 | D:5      | Learned a level 4 spell: Passage of Golubria
  7232 | D:5      | Reached skill level 8 in Spellcasting
  7724 | D:5      | Found a snail-covered altar of Cheibriados.
  8507 | D:6      | Reached skill level 9 in Spellcasting
  8508 | D:6      | Demolished by an ice beast

Illustrated notes

Levels and vault maps discovered:
D:1:      psy_arrival_dodecagon, layout_rooms, shapermc_ecumenical_altar_ellora
D:2:      layout_basic, serial_co_window_serial, co_window_cross_1,
          co_window_cross_1, co_window_paths_a, co_window_paths_a,
          co_window_corner_a, co_window_paths_a, co_window_2corner,
          co_window_unsneaky_path_e, co_window_broadway_b,
          co_window_of_opportunity_c, co_window_4corner_a, glass_columns_c,
          minmay_tromino_v2
D:3:      layout_basic, nicolae_ru_the_path_less_chosen, uniq_sigmund
D:4:      layout_rooms, minmay_temple_entry_fiery, gammafunk_ghost_icy,
          nicolae_wormholes, uniq_robin
D:5:      layout_basic, mainiacjoe_overflow_six_doors_small, serial_shops,
          nicolae_inconvenience_store, nicolae_ossuary_entry_false_entrances
D:6:      layout_layer_cave, mainiacjoe_overflow_brackets, st_stairs_8
Temple:   eino_wide_crystal_templ

Skill      XL: |  1  2  3  4  5  6  7  8  9 |
---------------+----------------------------+-----
Spellcasting   | 4 5 7 9 |  9.0
Short Blades   | 1 2 |  2.8
Dodging        | 3 |  3.6
Stealth        | 2 3 |  3.5
Fighting       | 1 |  1.6

Action                   |  1- 3 |  4- 6 |  7- 9 || total
-------------------------+-------+-------+-------++-------
Melee: Dagger            |    33 |    45 |    24 ||   102
       Punch             |       |     1 |     1 ||     2
 Cast: Freeze            |    17 |     2 |     4 ||    23
       Pain              |     2 |    25 |    46 ||    73
       Frozen Ramparts   |       |     8 |    23 ||    31
       Ozocubu's Armour  |       |     2 |    13 ||    15
       Scorch            |       |       |    94 ||    94
       Wereblood         |       |       |    10 ||    10
       Hailstorm         |       |       |     2 ||     2
       Passage of Golubr |       |       |     1 ||     1
  Use: Scroll            |       |       |     4 ||     4
 Stab: Sleeping          |     1 |     5 |       ||     6
Armor: Robe              |    20 |     9 |    16 ||    45
Dodge: Dodged            |    40 |    28 |    29 ||    97
